 Dungeon Crawl Stone Soup version 0.17.1-2-g5865329 (webtiles) character file.

553 Wheeto the Caller (level 7, 0/55 HPs)
             Began as a Yellow Draconian Summoner on Jan 13, 2016.
             Was an Initiate of Ashenzari.
             Killed by nerve-wracking pain
             ... invoked by an orc priest
              (2 damage)
             ... on level 5 of the Dungeon.
             The game lasted 00:26:42 (3902 turns).

Wheeto the Caller (Yellow Draconian Summoner)       Turns: 3902, Time: 00:26:42

Health: 0/55       AC:  9    Str: 14    XL:     7   Next: 8%
Magic:  12/15      EV: 12    Int: 16    God:    Ashenzari [......]
Gold:   230        SH:  0    Dex: 12    Spells: 2 memorised, 12 levels left

rFire  . . .     SeeInvis .     k - +7 club
rCold  . . .     Clarity  .     (armour unavailable)
rNeg   . . .     SustAt   .     (no shield)
rPois  .         Gourm    .     (helmet restricted)
rElec  .         Spirit   .     f - +0 cloak
rCorr  +         Warding  .     (no gloves)
rMut   .         Stasis   .     j - +1 pair of boots (curse)
MR     .....                    (no amulet)
Stlth  +++.......               l - ring of stealth (curse)
                                m - +3 ring of strength (curse)

@: not resistant to hostile enchantments, fairly stealthy
A: spit acid, acid resistance, unfitting armour, cold-blooded, AC +6
a: Spit Acid, Renounce Religion


You were on level 5 of the Dungeon.
You worshipped Ashenzari.
Ashenzari was noncommittal.
You were hungry.

You visited 1 branch of the dungeon, and saw 5 of its levels.

You collected 230 gold pieces.

Inventory:

Hand Weapons
 d - a +0 hand axe of chopping
 k - a +7 club (weapon)
Missiles
 n - 6 exploding tomahawks (quivered)
Armour
 e - a +2 cloak
 f - a +0 cloak (worn)
 j - a cursed +1 pair of boots (worn)
Jewellery
 l - a cursed ring of stealth (right hand)
 m - a cursed +3 ring of strength (left hand)
 v - an uncursed ring of sustain attributes
Wands
 x - a wand of digging (14)
Scrolls
 g - 6 scrolls of identify
 i - 2 scrolls of immolation
 u - a scroll of magic mapping
 w - a scroll of teleportation
Potions
 c - 2 potions of curing
 p - a potion of berserk rage
 q - a potion of brilliance
Books
 a - a book of Callings

   Spells                             Type                      Level
   a - Summon Small Mammal            Summoning                    1
   b - Call Imp                       Summoning                    2
   c - Call Canine Familiar           Summoning                    3
   d - Summon Guardian Golem          Hexes/Summoning              3
   e - Summon Lightning Spire         Summoning/Air                4
   f - Summon Ice Beast               Ice/Summoning                4
Comestibles
 b - 3 bread rations
 r - a royal jelly


   Skills:
 + Level 2.1 Fighting
 - Level 1.7 Dodging
 - Level 1.7 Stealth
 - Level 5.3 Spellcasting
 + Level 6.1 Summonings


You had 12 spell levels left.
You knew the following spells:

 Your Spells              Type           Power        Failure   Level  Hunger
a - Summon Small Mammal   Summ           ###.         1%          1    None
b - Call Canine Familiar  Summ           ###.....     4%          3    ###....


Dungeon Overview and Level Annotations

Branches:
Dungeon (5/15)             Temple (0/1) D:4

Altars:
Ashenzari
Cheibriados

Annotations:
D:2 Sigmund


Innate Abilities, Weirdness & Mutations

You can spit globs of acid.
You are resistant to acid.
Your golden yellow scales are hard (AC +6).
Your body does not fit into most forms of armour.
You are cold-blooded and may be slowed by cold attacks.


Message History

* * * LOW HITPOINT WARNING * * *
You hit the orc priest.
The orc priest is moderately wounded.
Your hound bites the orc priest but does no damage.
The orc priest barely misses you.
You closely miss the orc priest.
The orc priest is moderately wounded.
Your hound bites the orc priest but does no damage.
Your quokka bites the orc priest.
The orc priest invokes the aid of Beogh against you.
Something smites you!
* * * LOW HITPOINT WARNING * * *
Your hound bites the orc priest but does no damage.
Your quokka bites the orc priest but does no damage.
You closely miss the orc priest.
The orc priest is heavily wounded.
Your hound disappears in a puff of smoke!
The orc priest calls down the wrath of Beogh upon you.
Pain shoots through your body!
You die...

...# .###
##.....## ?#
##.......## ##
#.....!...#
#.........#
#.........#
........# #
#.o§..#
#.##@r..#
########.......#
#......####.####
### #.####.# #.#
..#
#.####.####.#
#.#
#.##........#
#.#
#.##.#.######
#.####.##.#.#
#...........#


You could see an orc priest and a friendly quokka.

Vanquished Creatures
  The ghost of namelastname112 the Sneak, an amateur DrWz (D:4)
  Crazy Yiuf (D:2)
  Ijyb (D:2)
  A worker ant (D:4)
  Jessica (D:2)
  Natasha (twice) (D:3)
  2 gnolls
  8 adders
  2 oozes
  3 giant geckos
  2 orcs
  3 ball pythons
  3 hobgoblins
  5 jackals
  A quokka (D:3)
  10 bats
  2 giant gecko skeletons
  3 giant newts
  9 goblins
  10 kobolds
  8 rats
78 creatures vanquished.

Vanquished Creatures (collateral kills)
  An ice beast (D:4)
  An ogre (D:5)
  A crimson imp (D:5)
  2 adders
  2 gnolls (D:4)
  Natasha (D:3)
  An ooze (D:3)
  2 jackals (D:4)
  2 kobolds
  2 quokkas (D:4)
  2 goblins (D:1)
  A jackal skeleton (D:4)
18 creatures vanquished.

Grand Total: 96 creatures vanquished

Notes
Turn   | Place    | Note
--------------------------------------------------------------
     0 | D:1      | Wheeto the Draconian Summoner began the quest for the Orb.
     0 | D:1      | Reached XP level 1. HP: 14/14 MP: 3/3
     6 | D:1      | Noticed a water moccasin
     6 | D:1      | Noticed a six-headed hydra
     7 | D:1      | Noticed a wolf
   598 | D:1      | Reached XP level 2. HP: 15/20 MP: 1/5
   815 | D:1      | Reached XP level 3. HP: 23/26 MP: 7/7
   820 | D:1      | Learned a level 3 spell: Call Canine Familiar
  1234 | D:2      | Noticed Sigmund
  1315 | D:2      | Noticed Ijyb
  1331 | D:2      | Killed Ijyb
  1331 | D:2      | Reached XP level 4. HP: 31/33 MP: 3/9
  1541 | D:2      | Noticed Crazy Yiuf
  1550 | D:2      | Killed Crazy Yiuf
  1705 | D:2      | Noticed Jessica
  1718 | D:2      | Killed Jessica
  1718 | D:2      | Reached skill level 5 in Summonings
  2044 | D:3      | Noticed Natasha
  2049 | D:3      | Killed Natasha
  2049 | D:3      | Reached XP level 5. HP: 38/38 MP: 9/11
  2052 | D:3      | Found a shattered altar of Ashenzari.
  2079 | D:3      | Became a worshipper of Ashenzari the Shackled
  2411 | D:3      | Found a snail-covered altar of Cheibriados.
  2530 | D:3      | Noticed Natasha
  2540 | D:3      | Killed Natasha
  2616 | D:3      | Noticed Natasha
  2619 | D:3      | Killed Natasha
  3045 | D:4      | Noticed namelastname112's ghost (amateur DrWz)
  3059 | D:4      | Reached XP level 6. HP: 31/45 MP: 2/13
  3246 | D:4      | Killed namelastname112's ghost
  3246 | D:4      | Reached skill level 5 in Spellcasting
  3480 | D:4      | Found a staircase to the Ecumenical Temple.
  3565 | D:5      | Entered Level 5 of the Dungeon
  3603 | D:4      | Reached skill level 1 in Fighting
  3893 | D:5      | Reached skill level 6 in Summonings
  3893 | D:5      | Your scales start taking on a golden yellow colour.
  3893 | D:5      | Reached XP level 7. HP: 53/55 MP: 10/15
  3901 | D:5      | HP: 2/55 [orc priest/divine providence (15)]
  3902 | D:5      | Killed from afar by an orc priest

Action                   |  1- 3 |  4- 6 |  7- 9 || total
-------------------------+-------+-------+-------++-------
Melee: Hand axe          |    89 |    27 |       ||   116
       Club              |       |   129 |     8 ||   137
 Cast: Summon Small Mamm |    14 |    17 |       ||    31
       Call Canine Famil |     1 |    11 |       ||    12
  Use: Scroll            |     5 |    12 |       ||    17
       Potion            |       |     1 |       ||     1
 Stab: Sleeping          |     1 |    10 |       ||    11
  Eat: Chunk             |     2 |     7 |       ||     9
       Pizza             |       |     1 |       ||     1
